 Dungeon Crawl Stone Soup version 0.26.1-11-gd32895ea62 (webtiles) character file.

Game seed: 6120432778983581637

1022 phalm the Conjurer (level 8, 60/60 HPs)
             Began as a Demonspawn Conjurer on June 24, 2021.
             Quit the game on level 5 of the Dungeon.
             The game lasted 00:11:35 (6620 turns).

phalm the Conjurer (Demonspawn Conjurer)            Turns: 6620, Time: 00:11:36

Health: 60/60      AC:  4    Str:  7    XL:     8   Next: 2%
Magic:  6/14       EV: 12    Int: 22    God:
Gold:   427        SH:  0    Dex: 14    Spells: 4/15 levels left

rFire    . . .     SeeInvis .   a - staff of conjuration
rCold    . . .     Faith    .   (no shield)
rNeg     . . .     Spirit   .   e - +0 robe
rPois    .         Reflect  .   A - +1 hat
rElec    .         Harm     .   (no cloak)
rCorr    .         Rampage  .   u - +0 pair of gloves
Will     +....                  (no boots)
Stlth    +++.......             (no amulet)
HPRegen  1.20/turn              B - ring of willpower
MPRegen  0.14/turn              (no ring)

@: no status effects
A: horns 1, thin skeletal structure 1, demonic guardian 1, powered by death 2
a: no special abilities


You were on level 5 of the Dungeon.
You visited 1 branch of the dungeon, and saw 5 of its levels.
You also visited: Sewer.

You collected 427 gold pieces.


Innate Abilities, Weirdness & Mutations

You have a pair of small horns on your head.
You have a somewhat thin skeletal structure. (Dex +2, Stealth)
A weak demonic guardian rushes to your aid.
You regenerate health from kills.


   Skills:
 + Level 3.8 Fighting
 - Level 1.7 Dodging
 - Level 1.7 Stealth
 + Level 4.2 Spellcasting
 + Level 6.5 Conjurations
 * Level 2.9 Hexes
 * Level 3.2 Translocations


You had 4 spell levels left.
You knew the following spells:

 Your Spells              Type           Power        Failure   Level
f - Fulminant Prism       Conj/Hex       19%          16%         4
m - Magic Dart            Conj           100%         1%          1
s - Searing Ray           Conj           100%         1%          2
X - Iskenderun's Mystic   Conj/Tloc      39%          14%         4

Your spell library contained the following spells:

 Spells                   Type           Power        Failure   Level
 Dazzling Flash           Conj/Hex       76%          4%          3
 Beastly Appendage        Tmut           8%           11%         1
 Wereblood                Tmut           4%           17%         2
 Spider Form              Tmut/Pois      2%           32%         3
 Ice Form                 Ice/Tmut       4%           73%         4
 Blade Hands              Tmut           2%           97%         5

Inventory:

Hand Weapons
 b - a +6 club
   (You took it off Ijyb on level 3 of the Dungeon)
Missiles
 k - 244 stones
 l - 9 bolts
 m - 16 poisoned darts
 o - 90 arrows
 w - 25 sling bullets
 x - 4 curare-tipped darts (quivered) {=f}
 G - 5 boomerangs
Armour
 e - a +0 robe (worn)
 u - a +0 pair of gloves (worn)
   (You found it on level 3 of the Dungeon)
 A - a +1 hat (worn)
   (You found it on level 3 of the Dungeon)
Magical Staves
 a - an uncursed staff of conjuration (weapon)
   (You found it on level 5 of the Dungeon)
Jewellery
 B - a ring of willpower (left hand)
   (You found it on level 4 of the Dungeon)
 F - an uncursed ring of fire
   (You found it on level 1 of the Dungeon)
Wands
 t - a wand of iceblast (11)
   (You found it on level 3 of the Dungeon)
 y - a wand of digging (5)
   (You took it off a goblin on level 3 of the Dungeon)
Scrolls
 d - a scroll of immolation {!r!r}
 f - 5 scrolls of teleportation {@r4}
 g - 3 scrolls of remove curse {unknown}
 p - a scroll of fog {unknown}
 r - a scroll of fear {unknown}
 E - a scroll of amnesia
Potions
 c - 2 potions of flight
 h - a potion of mutation {!q}
 i - a potion of haste {@q3}
 j - 2 potions of invisibility
 n - a potion of might
 q - 2 potions of attraction {!q}
 s - 2 potions of degeneration {unknown}
 v - a potion of berserk rage {unknown}
 C - 2 potions of magic {unknown}
 D - 2 potions of curing {@q1}

Dungeon Overview and Level Annotations

Branches:
Dungeon (5/15)              Sewer (visited)
 Temple: D:4-7

Altars:
Elyvilon
Ru
Zin

* *,,,,** *,,,,,,,,,,,,....... **
***,,,####*,,*,*,#####**#.#... 8*
***,,....,,,*<,##...####..... **
**,,,,.....,,,*##≈...≈##......
****,,***.....,,,,#≈.>.>.≈#......
**,,,**,,......*,,#≈.....≈#......
8*,,**,,*......####≈..>..≈#..#.#.
**,,**,**.........##≈...≈##..#.#.
**,,**,,,**,**#.@..##...##.....#.
**,,,,,,.......##...#'''###.##...
**,,,,,,..........##......#.##.#.
,,,,,,,,...............).......##
,,,,,,,,.......####..#.#....##.##
>,,,,,,,.......####....#...###...
,,,,,,,,.........###...###.# #.##
,,,,,,,,.......#........#..###.##
*,,,,,,,.........................


There were no monsters in sight!


Message History

Aim: a bullfrog skeleton (heavily damaged, 0% to evade)
You feel a surge of power!
The magic dart hits the bullfrog skeleton.
The bullfrog skeleton closely misses you. 😮 MP[-1]
You lost 1 mp, and now have 6/13 mp.
Casting: Magic Dart (safe; 1% risk of failure)
Confirm with . or Enter, or press ? or * to list all spells.
Aiming: Magic Dart (safe; 1% risk of failure)
Press: ? - help, Shift-Dir - straight line, f/p - bullfrog skeleton
Aim: a bullfrog skeleton (severely damaged, 0% to evade)
You feel a surge of power!
The magic dart hits the bullfrog skeleton!
The bullfrog skeleton hits you but does no damage.
Casting: Magic Dart (safe; 1% risk of failure)
Confirm with . or Enter, or press ? or * to list all spells.
Aiming: Magic Dart (safe; 1% risk of failure)
Press: ? - help, Shift-Dir - straight line, f/p - bullfrog skeleton
Aim: a bullfrog skeleton (almost destroyed, 0% to evade)
You feel a surge of power!
The magic dart hits the bullfrog skeleton.
You destroy the bullfrog skeleton! 😮 MP[-1]
You lost 1 mp, and now have 5/13 mp.
Casting: Magic Dart (safe; 1% risk of failure)
Confirm with . or Enter, or press ? or * to list all spells.
You can't see any susceptible monsters within range! (Use Z to cast anyway.)
Casting: Magic Dart (safe; 1% risk of failure)
Confirm with . or Enter, or press ? or * to list all spells.
You can't see any susceptible monsters within range! (Use Z to cast anyway.)
Things that are here:
a +0 war axe; a +0 leather armour; 😎 HP[+16] MP[+8]
Your hp is fully restored (53).
Your mp is fully restored (13).
You open the gate.
Found three stone staircases leading down.
There is an open gate here.
v - a metallic brown potion
There is an open gate here.
An iguana comes into view.
Casting: Magic Dart (safe; 1% risk of failure)
Confirm with . or Enter, or press ? or * to list all spells.
Aiming: Magic Dart (safe; 1% risk of failure)
Press: ? - help, Shift-Dir - straight line, f - iguana
Aim: an iguana (asleep, 0% to evade)
You feel a surge of power!
The magic dart hits the iguana.
The iguana hisses angrily. 😎 MP[-1]
You lost 1 mp, and now have 12/13 mp.
Casting: Magic Dart (safe; 1% risk of failure)
Confirm with . or Enter, or press ? or * to list all spells.
Aiming: Magic Dart (safe; 1% risk of failure)
Press: ? - help, Shift-Dir - straight line, f/p - iguana
Aim: an iguana (lightly wounded, 0% to evade)
You feel a surge of power!
The magic dart hits the iguana. 😎 MP[-1]
You lost 1 mp, and now have 11/13 mp.
Casting: Magic Dart (safe; 1% risk of failure)
Confirm with . or Enter, or press ? or * to list all spells.
Aiming: Magic Dart (safe; 1% risk of failure)
Press: ? - help, Shift-Dir - straight line, f/p - iguana
Aim: an iguana (heavily wounded, 0% to evade)
You feel a surge of power!
The magic dart hits the iguana. 😎 MP[-1]
You lost 1 mp, and now have 10/13 mp.
Casting: Magic Dart (safe; 1% risk of failure)
Confirm with . or Enter, or press ? or * to list all spells.
Aiming: Magic Dart (safe; 1% risk of failure)
Press: ? - help, Shift-Dir - straight line, f/p - iguana
Aim: an iguana (severely wounded, 0% to evade)
You feel a surge of power!
The magic dart hits the iguana but does no damage. 😎 MP[-1]
You lost 1 mp, and now have 9/13 mp.
Casting: Magic Dart (safe; 1% risk of failure)
Confirm with . or Enter, or press ? or * to list all spells.
Aiming: Magic Dart (safe; 1% risk of failure)
Press: ? - help, Shift-Dir - straight line, f/p - iguana
Aim: an iguana (severely wounded, 0% to evade)
You feel a surge of power!
The magic dart hits the iguana. 😎 MP[-1]
You lost 1 mp, and now have 8/13 mp.
Casting: Magic Dart (safe; 1% risk of failure)
Confirm with . or Enter, or press ? or * to list all spells.
Aiming: Searing Ray (safe; 1% risk of failure)
Press: ? - help, Shift-Dir - straight line, f/p - iguana
Aim: an iguana (severely wounded, 15% to evade)
You feel a surge of power!
The searing ray misses the iguana. (Press . to maintain the ray.) 😎 MP[-2]
You lost 2 mp, and now have 6/13 mp.
The searing ray hits the iguana.
You kill the iguana!
You have reached level 8!
You feel agile.
Your demonic ancestry asserts itself...
You feel the presence of a demonic guardian. 😎 HP[+7]
You now have 60 max hp (+7).
Your hp is fully restored (60).
Are you sure you want to abandon this character and quit the game? (Confirm with "yes".)
Okay, then.
Are you sure you want to abandon this character and quit the game? (Confirm with "yes".)

Skill      XL: |  1  2  3  4  5  6  7 |
---------------+----------------------+-----
Fighting       | 1 2 3 |  3.8
Conjurations   | 5 6 |  6.5
Spellcasting   | 3 4 |  4.2
Translocations | 2 3 |  3.2
Hexes          | 1 2 |  2.9
Dodging        | |  1.7
Stealth        | |  1.7

Action                   |  1- 3 |  4- 6 |  7- 9 || total
-------------------------+-------+-------+-------++-------
Melee: Dagger            |    11 |       |       ||    11
       Mace              |     3 |    13 |       ||    16
       Club              |       |     1 |     2 ||     3
       Staff             |       |       |    10 ||    10
       Headbutt          |       |       |     2 ||     2
Throw: Dart              |     6 |       |       ||     6
 Cast: Magic Dart        |    41 |    84 |    77 ||   202
       Searing Ray       |     4 |    13 |    18 ||    35
Evoke: Wand              |       |     1 |       ||     1
  Use: Scroll            |       |       |    10 ||    10
       Potion            |       |       |     2 ||     2
Armor: Robe              |     5 |     8 |    16 ||    29
Dodge: Dodged            |    18 |    38 |    28 ||    84

Levels and vault maps discovered:
D:1:      eino_arrival_tree_alley, layout_basic
D:2:      layout_basic, uniq_terence
D:3:      kennysheep_goblin_castle, layout_rooms, zin_treasury
D:4:      cheibrodos_fertilizer, layout_basic, elyvilon_altar_1,
          nicolae_ru_the_path_less_chosen, uniq_blork_the_orc
D:5:      layout_rooms, nicolae_overflow_hidden_temple, gup_sewer_entry_glass,
          kennysheep_windowed_goal, uniq_menkaure

Notes
Turn   | Place    | Note
-------+----------+-------------------------------------------
     0 | D:1      | phalm the Demonspawn Conjurer began the quest for the Orb.
     0 | D:1      | Reached XP level 1. HP: 13/13 MP: 3/3
     0 | D:1      | magus.rc [v1.9.10]
   301 | D:1      | Gained mutation: You have a somewhat thin skeletal
                  | structure. (Dex +2, Stealth) [demonic ancestry]
   301 | D:1      | Reached XP level 2. HP: 20/20 MP: 3/5
   338 | D:1      | HP: 4/20 [kobold (4)]
   344 | D:1      | Learned a level 2 spell: Searing Ray
  1247 | D:2      | Reached skill level 1 in Fighting
  1460 | D:2      | Gained mutation: You regenerate a little health from kills.
                  | [demonic ancestry]
  1460 | D:2      | Reached XP level 3. HP: 26/26 MP: 4/6
  1740 | D:2      | Noticed Terence
  1770 | D:2      | Killed Terence
  1771 | D:2      | Reached XP level 4. HP: 32/32 MP: 4/7
  2222 | D:2      | HP: 8/33 [orc/+0 dagger (4)]
  2223 | D:2      | HP: 3/33 [orc/+0 club (5)]
  2224 | D:2      | Reached skill level 5 in Conjurations
  2439 | D:3      | Reached skill level 2 in Fighting
  2630 | D:3      | Reached skill level 3 in Spellcasting
  2630 | D:3      | Gained mutation: You regenerate health from kills. [demonic
                  | ancestry]
  2630 | D:3      | Reached XP level 5. HP: 38/38 MP: 1/9
  2967 | D:3      | Noticed an ogre
  3058 | D:3      | Killed an ogre
  3250 | D:3      | Learned a level 4 spell: Iskenderun's Mystic Blast
  3276 | D:3      | You pick up a book of Changes and begin reading...
  3276 | D:3      | You add the spells Beastly Appendage, Wereblood, Spider
                  | Form, Ice Form and Blade Hands to your library.
  3283 | D:3      | Gained mutation: You have a pair of small horns on your
                  | head. [demonic ancestry]
  3283 | D:3      | Reached XP level 6. HP: 46/46 MP: 9/11
  3463 | D:3      | Noticed Ijyb
  3473 | D:3      | Killed Ijyb
  3714 | D:3      | Found a glowing silver altar of Zin.
  4064 | D:4      | Reached skill level 3 in Fighting
  4064 | D:4      | Reached skill level 6 in Conjurations
  4064 | D:4      | Reached skill level 1 in Translocations
  4157 | D:4      | Learned a level 4 spell: Fulminant Prism
  4334 | D:4      | Reached skill level 2 in Translocations
  4458 | D:4      | Reached skill level 1 in Hexes
  4458 | D:4      | Reached XP level 7. HP: 52/52 MP: 7/12
  4757 | D:4      | Noticed Blork the orc
  4762 | D:4      | Killed Blork the orc
  4819 | D:4      | Found a sacrificial altar of Ru.
  4938 | D:4      | Found a white marble altar of Elyvilon.
  5289 | D:4      | Reached skill level 2 in Hexes
  5494 | D:5      | Entered Level 5 of the Dungeon
  5503 | D:5      | Reached skill level 4 in Spellcasting
  5523 | D:5      | Found a glowing drain.
  5524 | D:5      | Noticed Menkaure
  5531 | D:5      | Killed Menkaure
  5532 | D:5      | Reached skill level 3 in Translocations
  5589 | Sewer    | Entered a sewer
  6620 | D:5      | Gained mutation: A weak demonic guardian rushes to your
                  | aid. [demonic ancestry]
  6620 | D:5      | Reached XP level 8. HP: 60/60 MP: 6/14
  6620 | D:5      | Quit the game

Vanquished Creatures
  Menkaure (D:5)
  3 ogres
  Blork the orc (D:4)
  A hound (D:5)
  2 orc priests
  A bullfrog skeleton (D:5)
  2 jellies (D:4)
  An orc wizard (D:2)
  An iguana (D:5)
  Ijyb (D:3)
  Terence (D:2)
  2 worker ants (D:4)
  5 adders
  12 oozes
  5 worms
  5 leopard geckos
  10 orcs
  11 bats
  10 giant cockroaches
  13 goblins
  9 hobgoblins
  22 jackals
  2 quokkas
  A ball python (Sewer)
  7 frilled lizards
  15 kobolds
  A quokka zombie (D:5)
  3 rats
148 creatures vanquished.

Vanquished Creatures (others)
  2 fungi (D:4)
  7 toadstools (D:4)
9 creatures vanquished.

Grand Total: 157 creatures vanquished

Table legend:
 A = Non-vault XP
 B = Vault XP
 C = Vault XP percentage of total XP
 D = Non-vault monster count
 E = Vault monster count
 F = Vault count percentage of total count
                 A         B        C        D         E       F
            +---------+---------+-------+---------+---------+-------
      Total |     865 |     596 |  40.8 |      87 |      61 |  41.2
            +---------+---------+-------+---------+---------+-------
        D:1 |      20 |       0 |   0.0 |      11 |       0 |   0.0
        D:2 |     105 |      36 |  25.5 |      26 |       1 |   3.7
        D:3 |     217 |      57 |  20.8 |      26 |      12 |  31.6
        D:4 |     398 |     232 |  36.8 |      18 |      17 |  48.6
        D:5 |     125 |     192 |  60.6 |       6 |       5 |  45.5
      Sewer |       0 |      79 | 100.0 |       0 |      26 | 100.0
            +---------+---------+-------+---------+---------+-------

Illustrated notes

Table legend:
 A = Kills in this place as a percentage of kills in entire the game.
 B = Kills by you in this place as a percentage of kills by you in the entire game.
 C = Kills by friends in this place as a percentage of kills by friends in the entire game.
 D = Other kills in this place as a percentage of other kills in the entire game.
 E = Experience gained in this place as a percentage of experience gained in the entire game.
 F = Experience gained in this place divided by the number of levels of this place that you have seen.
                   A       B       C       D       E      F
               +-------+-------+-------+-------+-------+----------------------
         Total | 100.0 | 100.0 |   N/A |   N/A | 100.0 | 243.5
       Dungeon |  82.4 |  82.4 |   N/A |   N/A |  94.6 | 276.4
         Sewer |  17.6 |  17.6 |   N/A |   N/A |   5.4 |  79.0
               +-------+-------+-------+-------+-------+----------------------

Table legend: (Time is in decaauts)
 A = Elapsed time spent in this place.
 B = Non-inter-level travel time spent in this place.
 C = Inter-level travel time spent in this place.
 D = Time resting spent in this place.
 E = Time spent auto-exploring this place.
 F = Levels seen in this place.
 G = Mean time per level.
                   A        B        C        D        E       F      G
               +--------+--------+--------+--------+--------+-----+--------+
         Total |   6761 |   6594 |    167 |     39 |   5587 |   6 | 1126.8 |
       Dungeon |   5806 |   5639 |    167 |     39 |   4845 |   5 | 1161.2 |
         Sewer |    955 |    955 |      0 |      0 |    742 |   1 |  955.0 |
               +--------+--------+--------+--------+--------+-----+--------+

Top non-repeatable levels by time:
     D:4: 1535 daAuts
     D:3: 1527 daAuts
     D:2: 1370 daAuts
     D:1: 1063 daAuts
   Sewer: 955 daAuts
     D:5: 308 daAuts
